 Dungeon Crawl Stone Soup version 0.19.0-19-g8c6edcc (webtiles) character file.

58 Malachi the Caller (level 3, -2/19 HPs)
             Began as a Deep Elf Summoner on Nov 15, 2016.
             Slain by a kobold
             ... wielding a +0 club
              (5 damage)
             ... on level 3 of the Dungeon.
             The game lasted 00:05:43 (2498 turns).

Malachi the Caller (Deep Elf Summoner)              Turns: 2498, Time: 00:05:43

Health: -2/19      AC:  2    Str:  5    XL:     3   Next: 75%
Magic:  2/10       EV: 13    Int: 20    God:
Gold:   120        SH:  0    Dex: 15    Spells: 2 memorised, 6 levels left

rFire  . . .     SeeInvis +     (no weapon)
rCold  . . .     Gourm    .     a - +0 robe
rNeg   . . .     Faith    .     (no shield)
rPois  .         Spirit   .     (no helmet)
rElec  .         Reflect  .     (no cloak)
rCorr  +         Harm     .     (no gloves)
MR     .....                    (no boots)
Stlth  ++........               (no amulet)
                                p - ring of resist corrosion
                                i - ring of see invisible

@: starving
A: no striking features
a: no special abilities


You were on level 3 of the Dungeon.
You were starving.

You visited 1 branch of the dungeon, and saw 3 of its levels.

You collected 120 gold pieces.

Inventory:

Hand Weapons
 j - a +1 spear of venom
Armour
 a - a +0 robe (worn)
Jewellery
 i - a ring of see invisible (left hand)
 k - an uncursed ring of ice
 p - a ring of resist corrosion (right hand)
Scrolls
 d - a scroll of enchant weapon {unknown}
 e - 6 scrolls of identify
 f - a scroll of noise {unknown}
 g - a scroll of remove curse
 h - a scroll of magic mapping {unknown}
 s - a scroll of fear {unknown}
Potions
 m - a potion of curing {unknown}
 n - a potion of degeneration {unknown}
 q - a potion of haste {unknown}
 r - a potion of lignification {unknown}
Books
 b - a book of Callings

   Spells                             Type                      Level
   a - Summon Small Mammal            Summoning                    1
   b - Call Imp                       Summoning                    2
   c - Call Canine Familiar           Summoning                    3
   d - Summon Guardian Golem          Hexes/Summoning              3
   e - Summon Lightning Spire         Summoning/Air                4
   f - Summon Ice Beast               Ice/Summoning                4
Comestibles
 c - 2 bread rations
 l - a meat ration
 o - a beef jerky


   Skills:
 + Level 2.4 Dodging
 + Level 2.5 Stealth
 + Level 4.4 Spellcasting
 + Level 5.2 Summonings


You had 6 spell levels left.
You knew the following spells:

 Your Spells              Type           Power        Failure   Level  Hunger
a - Summon Small Mammal   Summ           ####         1%          1    None
b - Call Canine Familiar  Summ           ####....     6%          3    ###....


Dungeon Overview and Level Annotations

Branches:
Dungeon (3/15)

Altars:
Ashenzari
Elyvilon
Xom

Annotations:
D:3 Gargoyl's ghost, amateur DsAK


Message History

Your hound barely misses Gargoyl's ghost.
Your quokka bites Gargoyl's ghost but does no damage.
Gargoyl's ghost wails, "Very impressive.
But it won't help.
Nothing will."
Gargoyl's ghost closely misses your quokka.
Your quokka bites Gargoyl's ghost but does no damage.
Your hound bites Gargoyl's ghost but does no damage.
Your quokka bites Gargoyl's ghost.
Your quokka barely misses Gargoyl's ghost.
The kobold hits you with a club.
* * * LOW HITPOINT WARNING * * *
Your hound bites Gargoyl's ghost but does no damage.
Gargoyl's ghost hits your quokka.
Your quokka dies!
Your quokka's corpse disappears in a puff of smoke!
Your quokka bites Gargoyl's ghost but does no damage.
Your hound barely misses Gargoyl's ghost.
Gargoyl's ghost barely misses your quokka.
Your quokka barely misses Gargoyl's ghost.
The kobold hits you with a club.
You die...

#.......... #.....(...#
#....)(...#
#......(..##
#......(...## .
#......### ...
#.().#...#....
#...........#
#....K@....##
#...rr###### #...hW..#
#######.# #######.###
#.........# #........##
#..........############
#....>...#.............


You could see Gargoyl's ghost, a kobold, a friendly hound and 2 friendly
quokkas.

Vanquished Creatures (collateral kills)
  4 adders (D:2)
  An ooze (D:2)
  4 worms (D:2)
  A leopard gecko (D:2)
  5 bats
  4 giant cockroaches
  4 goblins
  5 hobgoblins
  7 kobolds
  A quokka (D:2)
  A ball python (D:2)
  6 frilled lizards
  4 rats
47 creatures vanquished.

Notes
Turn   | Place    | Note
-------+----------+-------------------------------------------
     0 | D:1      | Malachi the Deep Elf Summoner began the quest for the Orb.
     0 | D:1      | Reached XP level 1. HP: 10/10 MP: 6/6
  1177 | D:2      | Reached XP level 2. HP: 15/15 MP: 4/8
  1254 | D:2      | Found a shimmering altar of Xom.
  1254 | D:2      | Found a faded altar of an unknown god.
  1260 | D:2      | Found a faded altar of an unknown god.
  1262 | D:2      | Found a faded altar of an unknown god.
  1266 | D:2      | Found a faded altar of an unknown god.
  1303 | D:2      | Found a shattered altar of Ashenzari.
  1497 | D:2      | Reached XP level 3. HP: 18/19 MP: 4/10
  1502 | D:2      | Learned a level 3 spell: Call Canine Familiar
  1514 | D:2      | Reached skill level 5 in Summonings
  2444 | D:3      | Found a white marble altar of Elyvilon.
  2472 | D:3      | Noticed Gargoyl's ghost (amateur DsAK)
  2498 | D:3      | Slain by a kobold

Skill      XL: |  1  2  3 |
---------------+----------+-----
Spellcasting   | 4 |  4.4
Summonings     | 5 |  5.2
Dodging        | |  2.4
Stealth        | |  2.5

Action                   || total
-------------------------++-------
 Cast: Summon Small Mamm ||    85
       Call Canine Famil ||     9
  Use: Scroll            ||     2
  Eat: Chunk             ||     3
Armor: Robe              ||     5
Dodge: Dodged            ||    33
